 Dungeon Crawl Stone Soup version 0.27-a0-323-gbd089401bb (webtiles) character file.

Game seed: 3474775991778104556

124 dickylongcocking the Sneak (level 4, 0/35 HPs)
             Began as a Demonspawn Brigand on Feb 11, 2021.
             Slain by an orc
             ... wielding a +0 hand axe
              (2 damage)
             ... on level 3 of the Dungeon.
             The game lasted 00:02:11 (2857 turns).

dickylongcocking the Sneak (Demonspawn Brigand)     Turns: 2857, Time: 00:02:12

Health: 0/35       AC:  7    Str: 12    XL:     4   Next: 81%
Magic:  4/4        EV: 11    Int: 13    God:
Gold:   157        SH:  0    Dex: 20    Spells: 3/3 levels left

rFire    + . .     SeeInvis .   k - +4 short sword
rCold    . . .     Faith    .   (no shield)
rNeg     . . .     Spirit   .   q - +0 leather armour {rF+}
rPois    .         Reflect  .   (helmet restricted)
rElec    .         Harm     .   c - +0 cloak
rCorr    .         Rampage  .   p - +2 pair of gloves
Will     .....                  (no boots)
Stlth    ++++......             (no amulet)
HPRegen  0.11/turn              (no ring)
MPRegen  0.09/turn              (no ring)

@: attractive
A: antennae 1, claws 1, thin skeletal structure 1, agile 2
a: no special abilities


You were on level 3 of the Dungeon.
You visited 1 branch of the dungeon, and saw 3 of its levels.

You collected 157 gold pieces.

Inventory:

Hand Weapons
 a - a +2 dagger
 k - a +4 short sword (weapon)
Missiles
 s - 7 poisoned darts (quivered)
 t - 2 curare-tipped darts
Armour
 b - a +0 robe
 c - a +0 cloak (worn)
 d - a +0 ring mail
 p - a +2 pair of gloves (worn)
 q - a +0 leather armour of fire resistance (worn)
Jewellery
 m - a ring of ice {unknown}
Wands
 e - a wand of mindburst (9)
 u - a wand of charming (8)
Scrolls
 f - 4 scrolls of identify {unknown}
 h - 2 scrolls of blinking {unknown}
 i - a scroll of magic mapping {unknown}
 l - a scroll of teleportation {unknown}
 o - a scroll of enchant armour {unknown}
Potions
 n - 2 potions of flight {unknown}
 r - a potion of brilliance {unknown}
 v - a potion of curing {unknown}


   Skills:
 * Level 3.5 Fighting
 - Level 2.6 Short Blades
 - Level 1.9 Throwing
 - Level 0.8 Dodging
 - Level 4.1 Stealth
 * Level 1.3 Unarmed Combat


You had 3 spell levels left.
You didn't know any spells.
Your spell library was empty.

Dungeon Overview and Level Annotations

Branches:
Dungeon (3/15)

Altars:
Elyvilon


Innate Abilities, Weirdness & Mutations

You have sharp fingernails.
You have a somewhat thin skeletal structure. (Dex +2, Stealth)
You have a pair of small antennae on your head.
You are very agile. (Dex +4)


Message History

You barely miss the orc.
The orc is moderately wounded.
The orc hits you but does no damage.
Unknown command.
You completely miss the orc.
The orc is moderately wounded.
Unknown command.
You hit the orc.
You kill the orc!
The orc priest hits you but does no damage.
The orc misses you.
Unknown command.
You hit the orc priest.
The orc priest is moderately wounded.
Unknown command.
You closely miss the orc priest.
The orc priest is moderately wounded.
The orc hits you but does no damage.
The orc priest mumbles some strange prayers to Beogh against you.
Beogh smites you!
Unknown command.
You hit the orc priest.
The orc priest is heavily wounded.
The orc priest invokes the aid of Beogh against you.
Pain shoots through your body!
* * * LOW HITPOINT WARNING * * *
Unknown command.
Unknown command.
It was a potion of mutation.
You feel extremely strange.
You feel agile. x2; A pair of antennae grows on your head!
The orc priest calls down the wrath of Beogh upon you.
Pain shoots through your body!
* * * LOW HITPOINT WARNING * * *
The orc hits you with a +0 mace.
* * * LOW HITPOINT WARNING * * *
Unknown command.
It was a potion of attraction.
You feel attractive to monsters. The orc priest misses you.
The orc hits you with a +0 hand axe.
You die...

###...#
#...##
.......
##...# #
.......
#...##
..........
##...#
..........
#.#.# ....
)...
#...####
##..
##...#.. ..
#.#.#.#
#.o@#.# #
##oo#.##....
#.....o..#
##..######
#.>. #####


You could see an orc priest and 2 orcs.

Vanquished Creatures
  4 gnolls (D:2)
  3 adders
  2 oozes
  A leopard gecko (D:2)
  An orc (D:3)
  2 ball pythons (D:1)
  2 giant cockroaches
  4 goblins
  5 hobgoblins
  2 jackals (D:2)
  6 bats
  6 frilled lizards
  9 kobolds
  8 rats
55 creatures vanquished.

Notes
Turn   | Place    | Note
-------+----------+-------------------------------------------
     0 | D:1      | dickylongcocking the Demonspawn Brigand began the quest for
                  | the Orb.
     0 | D:1      | Reached XP level 1. HP: 16/16 MP: 1/1
   537 | D:1      | Reached skill level 4 in Stealth
   537 | D:1      | Gained mutation: You have a somewhat thin skeletal
                  | structure. (Dex +2, Stealth) [demonic ancestry]
   537 | D:1      | Reached XP level 2. HP: 21/22 MP: 2/2
  1167 | D:2      | Reached XP level 3. HP: 28/28 MP: 3/3
  1941 | D:2      | Found a white marble altar of Elyvilon.
  2098 | D:2      | Gained mutation: You have sharp fingernails. [demonic
                  | ancestry]
  2098 | D:2      | Reached XP level 4. HP: 35/35 MP: 4/4
  2765 | D:3      | Reached skill level 1 in Unarmed Combat
  2856 | D:3      | Gained mutation: You are agile. (Dex +2) [potion of
                  | mutation]
  2856 | D:3      | Gained mutation: You are very agile. (Dex +4) [potion of
                  | mutation]
  2856 | D:3      | Gained mutation: You have a pair of small antennae on your
                  | head. [potion of mutation]
  2857 | D:3      | Slain by an orc

Illustrated notes

Levels and vault maps discovered:
D:1:      scummos_arrival_checkerplants, layout_loops_corners,
          solitary_fountain, minmay_shallow_snake_nest
D:2:      layout_loops_corners, elyvilon_altar_1, minmay_pentomino_pile
D:3:      layout_basic, general_overflow_altar, nicolae_gozag_seed_capital

Skill      XL: |  1  2  3  4 |
---------------+-------------+-----
Stealth        | 4 |  4.1
Short Blades   | 2 |  2.6
Fighting       | 3 |  3.5
Unarmed Combat | 1 |  1.3
Throwing       | |  1.9
Dodging        | |  0.8

Action                   |  1- 3 |  4- 6 || total
-------------------------+-------+-------++-------
Melee: Dagger            |    12 |       ||    12
       Short sword       |    34 |    67 ||   101
       Punch             |       |     1 ||     1
Throw: Dart              |    10 |       ||    10
  Use: Potion            |     1 |     2 ||     3
 Stab: Sleeping          |     8 |     6 ||    14
       Distracted        |       |     1 ||     1
Armor: Robe              |     6 |       ||     6
       Ring mail         |     9 |     9 ||    18
       Leather armour    |       |    15 ||    15
Dodge: Dodged            |    24 |    27 ||    51

Table legend: (Time is in decaauts)
 A = Elapsed time spent in this place.
 B = Non-inter-level travel time spent in this place.
 C = Inter-level travel time spent in this place.
 D = Time resting spent in this place.
 E = Time spent auto-exploring this place.
 F = Levels seen in this place.
 G = Mean time per level.
                   A        B        C        D        E       F      G
               +--------+--------+--------+--------+--------+-----+--------+
         Total |   2853 |   2672 |    181 |    541 |   1665 |   3 |  951.0 |
       Dungeon |   2853 |   2672 |    181 |    541 |   1665 |   3 |  951.0 |
               +--------+--------+--------+--------+--------+-----+--------+

Top non-repeatable levels by time:
     D:1: 1397 daAuts
     D:2: 1321 daAuts
     D:3: 134 daAuts
